 Dungeon Crawl Stone Soup version 0.17-a0-1913-g47c5406 (webtiles) character file.

1481 Geeful the Martial Artist (level 9, 60/65 HPs)
             Began as a Human Wanderer on Sept 26, 2015.
             Was a Priest of Makhleb.
             Got out of the dungeon alive.
             The game lasted 00:29:20 (9487 turns).

Geeful the Martial Artist (Human Wanderer)          Turns: 9487, Time: 00:29:20

Health: 60/65      AC:  5    Str: 13    XL:     9   Next: 7%
Magic:  9/9        EV: 10    Int: 15    God:    Makhleb [***...]
Gold:   304        SH:  0    Dex: 15    Spells: 0 memorised, 8 levels left

rFire  . . .     SeeInvis .       - Unarmed
rCold  + . .     Clarity  .     d - +0 leather armour
rNeg   + . .     SustAt   .     (no shield)
rPois  .         Gourm    .     (no helmet)
rElec  .         Spirit   .     (no cloak)
rCorr  .         Warding  .     (no gloves)
rMut   .         Stasis   .     (no boots)
MR     .....                    (no amulet)
Stlth  ++........               (no ring)
                                e - ring of positive energy

@: not resistant to hostile enchantments, unstealthy
A: thin metallic scales 1, thin skeletal structure 1, cold resistance 1
a: Minor Destruction, Lesser Servant of Makhleb, Renounce Religion


You escaped.
You worshipped Makhleb.
Makhleb was most pleased with you.
You were near starving.

You visited 1 branch of the dungeon, and saw 6 of its levels.

You collected 304 gold pieces.

Inventory:

Missiles
 a - 46 poisoned needles
 h - 7 silver javelins (quivered)
Armour
 d - a +0 leather armour (worn)
Jewellery
 e - a ring of positive energy (left hand)
Magical devices
 n - a wand of enslavement (10)
 o - a wand of flame (0)
Scrolls
 g - 2 scrolls of remove curse
 i - 4 scrolls of identify
 j - a scroll of fear {unknown}
 k - a scroll of teleportation
 p - a scroll of blinking
 s - a scroll of enchant armour {unknown}
Potions
 c - a potion of heal wounds {unknown}
 l - a potion of ambrosia {unknown}
 m - 2 potions of flight
 q - a potion of agility {unknown}
 t - a potion of degeneration {unknown}
Comestibles
 f - 4 bread rations
 r - a meat ration


   Skills:
 - Level 4.0 Fighting
   Level 3.0 Maces & Flails
 - Level 1.0 Armour
 - Level 2.0 Stealth
 + Level 10.5 Unarmed Combat


You had 8 spell levels left.
You didn't know any spells.

Dungeon Overview and Level Annotations

Branches:
Dungeon (6/15)             Temple (0/1) D:4

Altars:
Elyvilon
Makhleb
Sif Muna
The Shining One
Jiyva

Annotations:
D:4 Geeful's ghost, average HuWn


Innate Abilities, Weirdness & Mutations

You are partially covered in thin metallic scales (AC +2).
You have a somewhat thin skeletal structure (Dex +2, Stealth).
Your flesh is cold resistant.


Message History

You hit the fungus but do no damage. 2 jackals come into view.
A jackal comes into view.
The jackal moves out of view.
A jackal comes into view.
You see here a dagger.
The jackal barks! x2
You hear a bark!
The jackal barks!
The jackal bites you. The jackal closely misses you.
The jackal barely misses you. The jackal barely misses you.
The jackal bites you.
A ball python comes into view.
The jackal bites you.
There is a staircase leading out of the dungeon here.
Things that are here:
a +2 dagger; a +0 mace Are you sure you want to leave the Dungeon?
This will make you lose the game!
The jackal bites you but does no damage. x2
You have escaped!

# ################ #
#############..............###
#..........................##.
#.#####.#####.#####.#####.....
#..###...###...###...###.....#
#...#.÷...#.....#.....#...####
#....#####..h...S#####....#
#.....###..hh@....###.....# #
##.....#....h......#.....## #
##.....#####.#####.....## #
##.....###...###.....## #####
##.....#.....#.....##
....#####.....#####.....##
###..)...÷.....###.....##
#.....###[......#.....##
.......#.............##


You could see 4 jackals and a ball python (wandering).

Vanquished Creatures
  2 sky beasts (D:5)
  An ice beast (D:5)
  An ogre (D:5)
  4 jellies (D:5)
  3 hounds
  A giant frog skeleton (D:5)
  A crimson imp (D:6)
  5 orc priests
  2 worker ants (D:5)
  An iguana (D:6)
  3 orc wizards
  4 gnolls (D:6)
  2 worker ant zombies
  9 adders
  2 oozes
  2 worms
  5 giant geckos
  20 orcs
  6 goblins
  9 hobgoblins
  9 jackals
  6 kobolds
  A quokka (D:5)
  2 ball pythons
  7 bats
  2 giant cockroaches
  9 giant newts
  A quokka skeleton (D:6)
  14 rats
  A fungus (D:1)
135 creatures vanquished.

Vanquished Creatures (collateral kills)
  3 jellies (D:5)
  An ooze (D:5)
  A jackal zombie (D:5)
5 creatures vanquished.

Vanquished Creatures (others)
  A jelly (D:5)
  A toadstool (D:5)
2 creatures vanquished.

Grand Total: 142 creatures vanquished

Notes
Turn   | Place    | Note
--------------------------------------------------------------
     0 | D:1      | Geeful the Human Wanderer began the quest for the Orb.
     0 | D:1      | Geeful set off with: a +2 dagger, a potion of haste, a +0 mace, a potion of curing, a +0 robe, a bread ration, a !bad item (cl:100,ty:0,pl:0,pl2:0,sp:0,qu:0), a !bad item (cl:100,ty:0,pl:0,pl2:0,sp:0,qu:0), a !bad item (cl:100,ty:0,pl:0,pl2:0,sp:0,qu:0), a !bad item (cl:100,ty:0,pl:0,pl2:0,sp:0,qu:0), a !bad item (cl:100,ty:0,pl:0,pl2:0,sp:0,qu:0), a !bad item (cl:100,ty:0,pl:0,pl2:0,sp:0,qu:0), a !bad item (cl:100,ty:0,pl:0,pl2:0,sp:0,qu:0), a !bad item (cl:100,ty:0,pl:0,pl2:0,sp:0,qu:0), a !bad item (cl:100,ty:0,pl:0,pl2:0,sp:0,qu:0), a !bad item (cl:100,ty:0,pl:0,pl2:0,sp:0,qu:0), a !bad item (cl:100,ty:0,pl:0,pl2:0,sp:0,qu:0), a !bad item (cl:100,ty:0,pl:0,pl2:0,sp:0,qu:0), a !bad item (cl:100,ty:0,pl:0,pl2:0,sp:0,qu:0), a !bad item (cl:100,ty:0,pl:0,pl2:0,sp:0,qu:0), a !bad item (cl:100,ty:0,pl:0,pl2:0,sp:0,qu:0), a !bad item (cl:100,ty:0,pl:0,pl2:0,sp:0,qu:0), a !bad item (cl:100,ty:0,pl:0,pl2:0,sp:0,qu:0), a !bad item (cl:100,ty:0,pl:0,pl2:0,sp:0,qu:0), a !bad item (cl:100,ty:0,pl:0,pl2:0,sp:0,qu:0), a !bad item (cl:100,ty:0,pl:0,pl2:0,sp:0,qu:0), a !bad item (cl:100,ty:0,pl:0,pl2:0,sp:0,qu:0), a !bad item (cl:100,ty:0,pl:0,pl2:0,sp:0,qu:0), a !bad item (cl:100,ty:0,pl:0,pl2:0,sp:0,qu:0), a !bad item (cl:100,ty:0,pl:0,pl2:0,sp:0,qu:0), a !bad item (cl:100,ty:0,pl:0,pl2:0,sp:0,qu:0), a !bad item (cl:100,ty:0,pl:0,pl2:0,sp:0,qu:0), a !bad item (cl:100,ty:0,pl:0,pl2:0,sp:0,qu:0), a !bad item (cl:100,ty:0,pl:0,pl2:0,sp:0,qu:0), a !bad item (cl:100,ty:0,pl:0,pl2:0,sp:0,qu:0), a !bad item (cl:100,ty:0,pl:0,pl2:0,sp:0,qu:0), a !bad item (cl:100,ty:0,pl:0,pl2:0,sp:0,qu:0), a !bad item (cl:100,ty:0,pl:0,pl2:0,sp:0,qu:0), a !bad item (cl:100,ty:0,pl:0,pl2:0,sp:0,qu:0), a !bad item (cl:100,ty:0,pl:0,pl2:0,sp:0,qu:0), a !bad item (cl:100,ty:0,pl:0,pl2:0,sp:0,qu:0), a !bad item (cl:100,ty:0,pl:0,pl2:0,sp:0,qu:0), a !bad item (cl:100,ty:0,pl:0,pl2:0,sp:0,qu:0), a !bad item (cl:100,ty:0,pl:0,pl2:0,sp:0,qu:0), a !bad item (cl:100,ty:0,pl:0,pl2:0,sp:0,qu:0), a !bad item (cl:100,ty:0,pl:0,pl2:0,sp:0,qu:0), a !bad item (cl:100,ty:0,pl:0,pl2:0,sp:0,qu:0), a !bad item (cl:100,ty:0,pl:0,pl2:0,sp:0,qu:0), a !bad item (cl:100,ty:0,pl:0,pl2:0,sp:0,qu:0), a !bad item (cl:100,ty:0,pl:0,pl2:0,sp:0,qu:0), a !bad item (cl:100,ty:0,pl:0,pl2:0,sp:0,qu:0), a !bad item (cl:100,ty:0,pl:0,pl2:0,sp:0,qu:0)
     0 | D:1      | Reached XP level 1. HP: 19/19 MP: 1/1
    47 | D:1      | Reached skill level 1 in Unarmed Combat
    74 | D:1      | Reached XP level 2. HP: 14/25 MP: 2/2
   846 | D:1      | Reached XP level 3. HP: 30/30 MP: 3/3
  1220 | D:1      | Gained mutation: You are partially covered in thin metallic scales (AC +2). [potion of mutation]
  1220 | D:1      | Gained mutation: You have a somewhat thin skeletal structure (Dex +2, Stealth). [potion of mutation]
  1220 | D:1      | Gained mutation: Your flesh is cold resistant. [potion of mutation]
  1440 | D:2      | Found a burning altar of Makhleb.
  1448 | D:2      | Became a worshipper of Makhleb the Destroyer
  2113 | D:2      | Found a white marble altar of Elyvilon.
  2121 | D:2      | Reached XP level 4. HP: 32/37 MP: 4/4
  2179 | D:2      | Acquired Makhleb's first power
  2751 | D:2      | Found a glowing golden altar of the Shining One.
  3186 | D:3      | Reached XP level 5. HP: 42/42 MP: 5/5
  3863 | D:3      | Reached skill level 5 in Unarmed Combat
  4197 | D:3      | Acquired Makhleb's second power
  4222 | D:3      | Reached XP level 6. HP: 48/48 MP: 6/6
  4539 | D:4      | Noticed Geeful's ghost (average HuWn)
  4968 | D:4      | Found a staircase to the Ecumenical Temple.
  5033 | D:4      | Reached skill level 6 in Unarmed Combat
  5523 | D:3      | HP: 2/48 [orc/flail (4)]
  5925 | D:4      | You fall through a shaft!
  5925 | D:5      | Entered Level 5 of the Dungeon
  5925 | D:5      | Found a viscous altar of Jiyva.
  5938 | D:5      | Noticed a sky beast
  5953 | D:5      | Killed a sky beast
  5953 | D:5      | Reached XP level 7. HP: 31/54 MP: 7/7
  6288 | D:5      | Reached skill level 7 in Unarmed Combat
  6879 | D:5      | Found a deep blue altar of Sif Muna.
  7079 | D:5      | Acquired Makhleb's third power
  7188 | D:5      | Noticed a sky beast
  7222 | D:5      | HP: 1/54 [sky beast (5)]
  7252 | D:5      | Killed a sky beast
  7507 | D:5      | Reached skill level 8 in Unarmed Combat
  7646 | D:5      | Reached XP level 8. HP: 48/60 MP: 8/8
  7781 | D:5      | Reached skill level 9 in Unarmed Combat
  8055 | D:6      | Noticed a smoke demon
  8642 | D:6      | HP: 1/60 [gnoll/halberd (7)]
  8927 | D:5      | Reached skill level 10 in Unarmed Combat
  9192 | D:5      | Reached XP level 9. HP: 18/65 MP: 9/9
  9487 | D:$      | Got out of the dungeon alive.

Vault maps used:
D:1:      onia_arrival_pyramid, minmay_gold_behind_fungi
D:2:      overflow_temple_1_default, lemuel_crystal_altar,
          nicolae_overflow_hidden_temple, first_bread
D:4:      minmay_temple_entry_large_hall
D:5:      lemuel_doored_altar, lasty_cornered_adventurer
D:6:      okawaru_gym_becter, st_stairs_13

Action                   |  1- 3 |  4- 6 |  7- 9 || total
-------------------------+-------+-------+-------++-------
Melee: Unarmed           |   211 |   302 |   213 ||   726
Throw: Javelin           |       |       |     7 ||     7
Invok: Lesser Servant of |       |       |     1 ||     1
Evoke: Wand              |       |       |    22 ||    22
  Use: Potion            |     3 |     2 |     4 ||     9
       Scroll            |     2 |     5 |     5 ||    12
 Stab: Sleeping          |     3 |     9 |     1 ||    13
       Distracted        |       |     1 |     1 ||     2
  Eat: Chunk             |     3 |    13 |     7 ||    23
       Beef jerky        |       |       |     2 ||     2
